 Dungeon Crawl Stone Soup version 0.29-a0-559-g359e09b9d1 (webtiles) character file.

Game seed: 14546948301218173984

36 Nedwor the Twirler (level 3, 0/31 HPs)
             Began as a Minotaur Gladiator on June 10, 2022.
             Slain by a gnoll
             ... wielding a +0 halberd
              (12 damage)
             ... on level 2 of the Dungeon.
             The game lasted 00:01:14 (998 turns).

Nedwor the Twirler (Minotaur Gladiator)              Turns: 998, Time: 00:01:15

Health: 0/31       AC:  8    Str: 20    XL:     3   Next: 19%
Magic:  2/2        EV:  8    Int:  5    God:
Gold:   106        SH:  0    Dex: 11    Spells: 2/2 levels left

rFire   . . .      SeeInvis .   a - +0 quarterstaff
rCold   . . .      Faith    .   (shield currently unavailable)
rNeg    . . .      Spirit   .   h - +0 chain mail
rPois   .          Reflect  .   c - +0 hat
rElec   .          Harm     .   (no cloak)
rCorr   .          Rampage  .   (no gloves)
Will    .....                   (no boots)
Stlth   ..........              (no amulet)
HPRegen 0.10/turn               (no ring)
MPRegen 0.08/turn               (no ring)

@: no status effects
A: horns 2, retaliatory headbutt
a: no special abilities


You were on level 2 of the Dungeon.
You visited 1 branch of the dungeon, and saw 2 of its levels.

You collected 106 gold pieces.

Inventory:

Hand Weapons
 a - a +0 quarterstaff (weapon)
Missiles
 d - 3 throwing nets (quivered)
 e - a javelin
Armour
 c - a +0 hat (worn)
 h - a +0 chain mail (worn)
Scrolls
 b - 2 scrolls of identify {unknown}
 g - 2 scrolls of amnesia {unknown}
 i - a scroll of enchant armour {unknown}
 j - 2 scrolls of teleportation {unknown}
Potions
 f - 2 potions of berserk rage {unknown}


   Skills:
 + Level 3.2 Fighting
 * Level 4.8 Staves
 - Level 2.0 Throwing
 - Level 3.2 Dodging


You had 2 spell levels left.
You didn't know any spells.
Your spell library was empty.

Dungeon Overview and Level Annotations

Branches:
Dungeon (2/15)

Altars:


Innate Abilities, Weirdness & Mutations

You have a pair of horns on your head.
You reflexively headbutt those who attack you in melee.


Message History

The frilled lizard unfolds its giant frill.
The frilled lizard barely misses you.
You barely miss the frilled lizard.
The frilled lizard bites you but does no damage.
You miss the frilled lizard. The frilled lizard bites you.
You closely miss the frilled lizard.
The frilled lizard bites you but does no damage.
You miss the frilled lizard.
Your headbutt misses the frilled lizard.
The frilled lizard barely misses you.
You barely miss the frilled lizard. The frilled lizard closely misses you.
You furiously retaliate!
You headbutt the frilled lizard.
You kill the frilled lizard!
You sock the goblin!
You kill the goblin!
No target in view!
No target in view!
You now have 77 gold pieces (gained 11).
You now have 94 gold pieces (gained 17).
Found a spear.
You now have 106 gold pieces (gained 12).
Found an escape hatch in the floor.
j - 2 scrolls labelled SEUWOI KEPIMIK (gained 1) 4 gnolls come into view.
Found 5 gold pieces.
The gnoll shouts! x2
There are monsters nearby!
There are monsters nearby!
The gnoll closely misses you. The gnoll completely misses you.
The gnoll closely misses you. The gnoll barely misses you.
You furiously retaliate!
You headbutt the gnoll! You closely miss the gnoll.
Your headbutt misses the gnoll.
The gnoll is almost dead.
The gnoll hits you with a +0 halberd!
The gnoll hits you from afar with a +0 halberd!
You closely miss the gnoll.
The gnoll is almost dead.
The gnoll hits you with a +0 halberd.
The gnoll hits you from afar with a +0 halberd!
You die...

.###.##<....)........
..............#.....#
.#.#.####..##.#.....#
..................#
#.#.########.##.##.#
# #######.##.##.##
...............#
#######.##.....#
#.@gg#...#
#.##g....####+
########.##.#........
......>..)..#........
####.......#g.......
#.......#g....$..
#.......#........
#.......#........
#########........


You could see 3 gnolls.

Vanquished Creatures
  2 ball pythons
  4 bats (D:1)
  2 endoplasms (D:1)
  2 giant cockroaches (D:1)
  3 goblins
  7 hobgoblins (D:1)
  3 jackals (D:1)
  2 frilled lizards
  5 kobolds (D:1)
  3 rats (D:1)
33 creatures vanquished.

Notes
Turn   | Place    | Note
-------+----------+-------------------------------------------
     0 | D:1      | Nedwor the Minotaur Gladiator began the quest for the Orb.
     0 | D:1      | Reached XP level 1. HP: 18/18 MP: 0/0
   135 | D:1      | Reached skill level 4 in Staves
   214 | D:1      | Reached XP level 2. HP: 23/25 MP: 1/1
   553 | D:1      | Found a faded altar of an unknown god.
   769 | D:1      | Reached XP level 3. HP: 31/31 MP: 2/2
   998 | D:2      | Slain by a gnoll

Illustrated notes

Levels and vault maps discovered:
D:1:      pf_arrival_petrified_forest, layout_basic, basic_ecumenical_altar
D:2:      layout_basic, basic_altar

Skill      XL: |  1  2 |
---------------+-------+-----
Staves         | 4 |  4.8
Fighting       | 3 |  3.2
Throwing       | |  2.0
Dodging        | |  3.2

Action                   || total
-------------------------++-------
Melee: Quarterstaff      ||    65
       Headbutt          ||     6
Armor: Leather armour    ||     4
       Chain mail        ||    30
Dodge: Dodged            ||    28

Table legend: (Time is in decaauts)
 A = Elapsed time spent in this place.
 B = Non-inter-level travel time spent in this place.
 C = Inter-level travel time spent in this place.
 D = Time resting spent in this place.
 E = Time spent auto-exploring this place.
 F = Levels seen in this place.
 G = Mean time per level.
                   A        B        C        D        E       F      G
               +--------+--------+--------+--------+--------+-----+--------+
         Total |   1002 |    990 |     12 |     67 |    734 |   2 |  501.0 |
       Dungeon |   1002 |    990 |     12 |     67 |    734 |   2 |  501.0 |
               +--------+--------+--------+--------+--------+-----+--------+

Top non-repeatable levels by time:
     D:1: 940 daAuts
     D:2: 62 daAuts
